 Dungeon Crawl Stone Soup version 0.17-a0-1880-gacf7e67 (webtiles) character file.

173824 shakdrar the Sorcerer (level 17, -7/104 HPs)
             Began as a Deep Elf Earth Elementalist on Sept 18, 2015.
             Was the Champion of Vehumet.
             Mangled by a wolf spider (10 damage)
             ... on level 4 of the Lair of Beasts on Sept 21, 2015.
             The game lasted 06:03:12 (53721 turns).

shakdrar the Sorcerer (DEEE)                       Turns: 53721, Time: 06:03:14

Health: -7/104     AC: 19    Str:  6    XL:     17   Next: 18%
Magic:  41/44      EV: 16    Int: 32    God:    Vehumet [******]
Gold:   2028       SH:  8    Dex: 15    Spells: 9 memorised, 25 levels left

rFire  . . .     SeeInvis +     N - +10 scimitar of the Ecumenical Temple {slice, rElec Str-2 Int+4 Stlth+}
rCold  . . .     Clarity  .     H - +2 robe {MR+}
rNeg   . . .     SustAt   .     n - +2 buckler
rPois  +         Gourm    .     R - +2 hat {Int+3}
rElec  +         Spirit   .     k - +2 cloak {rPois}
rCorr  .         Warding  .     j - +0 pair of gloves
rMut   +         Stasis   .     r - +2 pair of boots {run}
MR     ++...                    o - amulet of resist mutation
Stlth  +++.......               C - ring of see invisible
                                l - +6 ring of protection

@: quick, very resistant to hostile enchantments, fairly stealthy
A: hooves 1
a: Renounce Religion
}: 1/15 runes: decaying


You were on level 4 of the Lair of Beasts.
You worshipped Vehumet.
Vehumet was exalted by your worship.
You were not hungry.

You visited 7 branches of the dungeon, and saw 31 of its levels.

You collected 3640 gold pieces.
You spent 1612 gold pieces at shops.

Inventory:

Hand weapons
 b - a +4 dagger of pain
 u - the +3 rapier of Emoussau {freeze, MP+9}
   (You found it on level 8 of the Lair of Beasts)

   It has been specially enchanted to freeze those struck by it, causing extra
   injury to most foes and up to half again as much damage against particularly
   susceptible opponents.
   It can also slow down cold-blooded creatures.
   It affects your magic capacity (+9).
 w - a +0 blowgun
 N - the +10 scimitar of the Ecumenical Temple (weapon) {slice, rElec Str-2 Int+4 Stlth+}
   (You found it on level 4 of the Lair of Beasts)

   It inflicts extra damage upon your enemies.
   It affects your strength (-2).
   It affects your intelligence (+4).
   It insulates you from electricity.
   It makes you more stealthy.
Missiles
 x - 80 poisoned needles
 A - 407 stones (quivered)
Armour
 j - a +0 pair of gloves (worn)
 k - a +2 cloak of poison resistance (worn)
 n - a +2 buckler (worn)
 r - a +2 pair of boots of running (worn)
 s - a +0 swamp dragon armour
 H - a +2 robe of magic resistance (worn)
 R - a +2 hat of intelligence (worn)
Magical staves
 e - an uncursed staff of fire
 t - an uncursed staff of death
Jewellery
 l - a +6 ring of protection (left hand)
 o - an amulet of resist mutation (around neck)
 z - an uncursed ring of fire
 C - a ring of see invisible (right hand)
 X - an uncursed ring of poison resistance
Magical devices
 p - a wand of fire (1)
 D - a wand of cold (4)
 P - a wand of digging (8)
Scrolls
 d - a scroll of magic mapping
 g - a scroll of enchant weapon
 m - 12 scrolls of remove curse
 v - 2 scrolls of identify
 y - 2 scrolls of noise {unknown}
 B - a scroll of fear
 F - a scroll of fog
 L - 3 scrolls of recharging
Potions
 a - a potion of cancellation
 f - a potion of flight
 i - 12 potions of curing
 W - a potion of resistance
Books
 c - a book of Geomancy

   Spells                             Type                      Level
   a - Sandblast                      Earth                        1
   b - Stoneskin                      Transmutation/Earth          2
   c - Passwall                       Transmutation/Earth          3
   d - Stone Arrow                    Conjuration/Earth            3
   e - Petrify                        Transmutation/Earth          4
   f - Lee's Rapid Deconstruction     Earth                        5
 q - Sif Muna's Volume of Dark Rites
   (You found it on level 1 of the Elven Halls)

   Spells                             Type                      Level
   a - Animate Skeleton               Necromancy                   1
   b - Pain                           Necromancy                   1
   c - Vampiric Draining              Necromancy                   3
   d - Excruciating Wounds            Charms/Necromancy            5
   e - Dispel Undead                  Necromancy                   5
Comestibles
 M - 2 fruits


   Skills:
 + Level 10.8 Fighting
 - Level 6.0 Short Blades
 - Level 7.0 Dodging
 - Level 2.4 Stealth
 - Level 6.0 Shields
 * Level 21.4 Spellcasting
 - Level 6.1 Conjurations
 - Level 10.0 Translocations
   Level 1.1 Transmutations
 + Level 12.2 Fire Magic
 + Level 12.8 Earth Magic
 - Level 7.5 Evocations


You had 25 spell levels left.
You knew the following spells:

 Your Spells              Type           Power        Failure   Level  Hunger
a - Sandblast             Erth           ######       0%          1    None
b - Stone Arrow           Conj/Erth      ######       1%          3    None
c - Lee's Rapid Deconstr  Erth           #######...   1%          5    None
d - Controlled Blink      Tloc           N/A          17%         7    #......
e - Flame Tongue          Conj/Fire      #####        1%          1    None
f - Conjure Flame         Conj/Fire      #######.     1%          3    None
g - Fireball              Conj/Fire      #######...   1%          5    None
h - Delayed Fireball      Conj/Fire      N/A          5%          7    #......
i - Bolt of Fire          Conj/Fire      #######...   1%          6    None


Dungeon Overview and Level Annotations

Branches:
Dungeon (11/15)            Temple (1/1) D:6            Lair (8/8) D:9
  Swamp (4/4) Lair:6       Spider (1/4) Lair:4        Slime (0/6) Lair:6
    Orc (4/4) D:11            Elf (2/3) Orc:3

Altars:
Ashenzari
Cheibriados
Dithmenos
Elyvilon
Fedhas
Gozag
Kikubaaqudgha
Makhleb
Nemelex Xobeh
Okawaru
Qazlal
Ru
Sif Muna
Trog
Vehumet
Xom
Yredelemnul
Zin
The Shining One
Jiyva

Shops:
D:9 [   D:10 (   Orc:3 %   Orc:4 (?:[   Elf:2 (

Annotations:
Elf:2 1 runed door


Innate Abilities, Weirdness & Mutations

You have large cloven feet.


Message History

The wolf spider barely misses you. The wolf spider hits you!!
* * * LOW HITPOINT WARNING * * *
The wolf spider misses you. You block the tarantella's attack.
The wolf spider hits you!
* * * LOW HITPOINT WARNING * * *
The wolf spider bites you but does no damage.
The wolf spider misses you. You block the wolf spider's attack.
Casting: Sandblast
Confirm with . or Enter, or press ? or * to list all spells.
Aiming: Bolt of Fire
Press: ? - help, Shift-Dir - straight line, f - wolf spider
Aim: a wolf spider (clinging)
The bolt of fire hits the wolf spider.
The wolf spider is severely wounded.
The bolt of fire hits the tarantella.
You kill the tarantella!
Vehumet accepts your kill.
You feel your power returning. You block the wolf spider's attack.
The wolf spider bites you!
You die...

### ########.########
#############
#.#..#.#..#.#...#####.##..##.P..#
.................................
..####.#......................###
..#####.............##.......####
.##......#....##@...P#.......##..
..#.....####..#s#............PP..
..#.....##...xs##[...##......PP..
..........#....#.....#...........
..#.P.#.....>.....P##........##..
.#....#..#.....#.....##.......#.#
........##.#.#.##............##..
........##.....#.................
.........##...#..................


You could see a wolf spider and a redback.

Vanquished Creatures
  the Lernaean hydra (Swamp:4)
  2 thorn hunters
  Donald (Swamp:2)
  An orc warlord (Orc:2)
  A deep elf annihilator (Elf:1)
  Snorg (Lair:7)
  2 deep elf death magi
  25 hydras
  An ice dragon (Lair:8)
  10 dancing weapons (Elf:2)
  A ghost crab (Swamp:2)
  4 alligators
  5 orc high priests
  10 spriggans
  12 deep elf knights
  The ghost of Ijustatesigmund the Slinger, an experienced HaHu of Okawaru (D:10)
  2 unseen horrors
  6 spriggan druids
  2 lindwurms (Lair:8)
  9 swamp dragons
  4 hill giants
  8 deep elf summoners
  An ice statue (Elf:2)
  A shambling mangrove (Swamp:3)
  An orc knight (Orc:1)
  A necromancer (Elf:2)
  5 ugly things
  A hornet (Lair:8)
  10 deep elf conjurers
  4 griffons
  A cyclops (D:11)
  2 wolf spiders (Spider:1)
  5 orc sorcerers
  A guardian serpent (Lair:8)
  Maurice (Orc:2)
  3 elephants (Lair:7)
  An octopode (shapeshifter) (Elf:2)
  5 torpor snails (Lair:8)
  Psyche (D:10)
  A gargoyle (D:11)
  5 black mambas
  22 spiny frogs
  3 demonic crawlers
  7 fire drakes
  2 deep elf priests
  4 large abominations (Elf:1)
  13 komodo dragons
  2 polar bears
  7 trolls
  38 blink frogs
  7 bog bodies
  A two-headed ogre (D:10)
  12 giant leeches
  9 slime creatures
  A shadow (Swamp:1)
  2 trapdoor spiders
  2 wyverns
  A redback (shapeshifter) (Elf:2)
  13 deep elf magi
  19 deep elf fighters
  A human (D:8)
  A tarantella (Lair:4)
  3 hungry ghosts
  A wraith (D:10)
  45 yaks
  3 wolves (Lair:2)
  2 hippogriffs
  3 basilisks
  A soldier ant (Spider:1)
  24 vampire mosquitoes
  23 water moccasins
  13 insubstantial wisps
  20 swamp worms
  3 wargs
  14 porcupines
  Duvessa (D:5)
  2 ice beasts
  34 orc warriors
  19 wasps
  2 phantoms
  A sky beast (D:6)
  13 swamp drakes
  13 spiders
  A black bear (D:6)
  A necrophage (D:10)
  7 ogres
  18 big kobolds
  18 crocodiles
  27 giant frogs
  12 centaurs
  An elf zombie (Elf:1)
  5 brain worms
  Dowan (D:5)
  4 scorpions
  14 wights
  17 killer bees
  7 crimson imps
  A centaur zombie (D:5)
  3 giant frog zombies
  2 giant frog skeletons
  2 quasits (D:11)
  10 hounds
  A jelly (D:6)
  32 orc priests
  30 orc wizards
  17 worker ants
  4 centaur skeletons
  12 hell rats (Lair:4)
  8 iguanas
  27 sheep
  3 hound zombies
  A hound skeleton (D:10)
  12 gnolls
  87 river rats
  21 adders
  2 shadow imps
  2 oozes (D:3)
  An adder skeleton (D:6)
  An adder zombie (D:5)
  24 worms
  6 giant geckos
  202 orcs
  4 goblins
  8 hobgoblins
  18 jackals
  3 quokkas
  2 ball pythons
  4 bats
  5 giant cockroaches
  4 giant newts
  A jackal skeleton (D:6)
  21 kobolds
  2 quokka skeletons
  A quokka zombie (D:5)
  19 rats
  5 fungi
  2 plants (Lair:8)
1309 creatures vanquished.

Vanquished Creatures (others)
  An orc warrior (Elf:2)
  57 fungi
  61 plants
119 creatures vanquished.

Grand Total: 1428 creatures vanquished

Notes
Turn   | Place    | Note
--------------------------------------------------------------
     0 | D:1      | shakdrar the Deep Elf Earth Elementalist began the quest for the Orb.
     0 | D:1      | Reached XP level 1. HP: 10/10 MP: 6/6
   234 | D:1      | Found a sparkling altar of Nemelex Xobeh.
   248 | D:1      | Reached XP level 2. HP: 13/15 MP: 3/8
   747 | D:1      | Reached skill level 4 in Earth Magic
   777 | D:2      | Reached XP level 3. HP: 19/19 MP: 7/10
   856 | D:2      | Learned a level 3 spell: Stone Arrow
  1194 | D:2      | Reached XP level 4. HP: 12/24 MP: 8/12
  1424 | D:2      | Reached skill level 5 in Spellcasting
  2088 | D:3      | Noticed a centaur
  2089 | D:3      | Killed a centaur
  2089 | D:3      | Reached skill level 6 in Spellcasting
  2089 | D:3      | Reached skill level 5 in Earth Magic
  2089 | D:3      | Reached XP level 5. HP: 19/28 MP: 11/15
  2630 | D:4      | Reached XP level 6. HP: 32/32 MP: 15/17
  2928 | D:4      | Reached skill level 7 in Spellcasting
  3096 | D:4      | Reached skill level 1 in Conjurations
  3542 | D:4      | Learned a level 5 spell: Lee's Rapid Deconstruction
  3544 | D:5      | Entered Level 5 of the Dungeon
  3643 | D:5      | Reached skill level 8 in Spellcasting
  3763 | D:5      | Reached XP level 7. HP: 33/36 MP: 14/20
  4035 | D:5      | Reached skill level 9 in Spellcasting
  4089 | D:5      | Found a glowing silver altar of Zin.
  4306 | D:5      | Noticed Duvessa
  4306 | D:5      | Noticed Dowan
  4321 | D:5      | Killed Duvessa
  4321 | D:5      | Reached XP level 8. HP: 12/41 MP: 5/23
  4327 | D:5      | Killed Dowan
  4985 | D:6      | Reached skill level 10 in Spellcasting
  5157 | D:6      | Found a blossoming altar of Fedhas.
  5244 | D:6      | Found a staircase to the Ecumenical Temple.
  5253 | Temple   | Entered the Ecumenical Temple
  5331 | Temple   | Became a worshipper of Vehumet
  5354 | D:6      | Found a sacrificial altar of Ru.
  6045 | D:6      | Reached skill level 11 in Spellcasting
  6229 | D:6      | Reached skill level 1 in Short Blades
  6397 | D:6      | Reached skill level 1 in Fighting
  6397 | D:6      | Reached skill level 1 in Evocations
  6591 | D:7      | Reached XP level 9. HP: 38/47 MP: 18/26
  6637 | D:7      | Learned a level 7 spell: Controlled Blink
  6645 | D:7      | Identified Suruc's Disquisition on Flight
  7047 | D:7      | Reached skill level 1 in Translocations
  7439 | D:7      | Acquired Vehumet's first power
  7439 | D:7      | Offered knowledge of Flame Tongue by Vehumet.
  7442 | D:7      | Learned a level 1 spell: Flame Tongue
  7615 | D:8      | Reached skill level 12 in Spellcasting
  7615 | D:8      | Reached skill level 1 in Fire Magic
  8441 | D:8      | Found a basalt altar of Yredelemnul.
  8547 | D:8      | Reached skill level 13 in Spellcasting
  9692 | D:9      | Reached XP level 10. HP: 53/53 MP: 25/29
  9752 | D:9      | Found a burning altar of Makhleb.
  9753 | D:9      | Found a sparkling altar of Nemelex Xobeh.
  9754 | D:9      | Found a white marble altar of Elyvilon.
  9754 | D:9      | Found an ancient bone altar of Kikubaaqudgha.
  9775 | D:9      | Found a bloodstained altar of Trog.
 10259 | D:9      | Found a staircase to the Lair.
 10488 | D:9      | Found a shattered altar of Ashenzari.
 10524 | D:9      | Offered knowledge of Freeze by Vehumet.
 10814 | D:9      | Found an opulent altar of Gozag.
 10842 | D:9      | Found Avisar's Armour Emporium.
 10850 | D:9      | Bought a +0 hat of intelligence for 187 gold pieces
 10881 | D:9      | Reached skill level 5 in Translocations
 11247 | D:10     | Entered Level 10 of the Dungeon
 11428 | D:10     | Noticed Ijustatesigmund's ghost (experienced HaHu)
 11628 | D:10     | Noticed Psyche
 11628 | D:10     | Noticed a griffon
 11728 | D:10     | Noticed a hill giant
 11735 | D:10     | Killed a hill giant
 12012 | D:10     | Reached skill level 5 in Fire Magic
 12199 | D:10     | Noticed a hill giant
 12203 | D:10     | Killed a hill giant
 12208 | D:11     | Noticed a brown ugly thing
 12208 | D:11     | Noticed a hill giant
 12453 | D:11     | Offered knowledge of Static Discharge by Vehumet.
 12770 | D:7      | Acquired Vehumet's second power
 13078 | Lair:1   | Entered Level 1 of the Lair of Beasts
 13084 | Lair:1   | Reached XP level 11. HP: 57/57 MP: 13/30
 13352 | Lair:1   | Got a steaming quarterstaff
 13353 | Lair:1   | Identified the +6 quarterstaff of the People {crush, rElec rN+ Dex-3} (You found it on level 1 of the Lair of Beasts)
 13539 | Lair:1   | HP: 2/57 [blink frog (8)]
 13868 | Lair:2   | Offered knowledge of Conjure Flame by Vehumet.
 13874 | Lair:2   | Learned a level 3 spell: Conjure Flame
 14798 | Lair:2   | Acquired Vehumet's third power
 14875 | Lair:2   | Offered knowledge of Fireball by Vehumet.
 14882 | Lair:2   | Learned a level 5 spell: Fireball
 15132 | Lair:3   | Reached skill level 5 in Dodging
 15300 | Lair:3   | Noticed a seven-headed hydra
 15544 | Lair:3   | Reached skill level 5 in Fighting
 15933 | Lair:3   | Offered knowledge of Delayed Fireball by Vehumet.
 15942 | Lair:3   | Learned a level 7 spell: Delayed Fireball
 16044 | Lair:3   | Killed a seven-headed hydra
 16044 | Lair:3   | Reached skill level 5 in Short Blades
 16044 | Lair:3   | Reached XP level 12. HP: 69/69 MP: 14/31
 16364 | Lair:3   | Gained mutation: You have large cloven feet. [potion of beneficial mutation]
 16792 | Lair:4   | Found a hole to the Spider Nest.
 17171 | Lair:4   | Got a polished scimitar
 17172 | Lair:4   | Identified the +10 scimitar of the Ecumenical Temple {slice, rElec Str-2 Int+4 Stlth+} (You found it on level 4 of the Lair of Beasts)
 17199 | Lair:4   | Reached skill level 14 in Spellcasting
 18445 | Lair:5   | Reached skill level 5 in Conjurations
 19217 | Lair:5   | Noticed an eight-headed hydra
 19222 | Lair:5   | Killed an eight-headed hydra
 19702 | Lair:6   | Noticed a six-headed hydra
 19705 | Lair:6   | Killed a six-headed hydra
 19852 | Lair:6   | Found a staircase to the Swamp.
 20045 | Lair:6   | Reached skill level 15 in Spellcasting
 20482 | Lair:6   | Offered knowledge of Sticky Flame by Vehumet.
 20967 | Lair:1   | Reached XP level 13. HP: 51/76 MP: 20/34
 22319 | Lair:6   | Found a staircase to the Slime Pits.
 22320 | Lair:6   | Found a viscous altar of Jiyva.
 22777 | Lair:7   | Reached skill level 10 in Earth Magic
 23024 | Lair:7   | Noticed Snorg
 23027 | Lair:7   | Killed Snorg
 23027 | Lair:7   | Reached skill level 16 in Spellcasting
 24124 | Lair:8   | Entered Level 8 of the Lair of Beasts
 24244 | Lair:8   | Got a translucent rapier
 24245 | Lair:8   | Identified the +3 rapier of Emoussau {freeze, MP+9} (You found it on level 8 of the Lair of Beasts)
 24835 | Lair:8   | Offered knowledge of Iron Shot by Vehumet.
 25558 | Lair:8   | Found a runed door.
 25576 | Lair:8   | Reached XP level 14. HP: 74/84 MP: 28/36
 25874 | Lair:8   | Reached skill level 17 in Spellcasting
 26495 | Lair:8   | Reached skill level 5 in Evocations
 27289 | D:10     | Killed Psyche
 27308 | D:10     | Noticed a hill giant
 27311 | D:10     | Killed a hill giant
 27332 | D:10     | Killed Ijustatesigmund's ghost
 27374 | D:10     | Noticed an unseen horror
 27502 | D:10     | Killed an unseen horror
 27506 | D:10     | Killed a griffon
 27724 | D:10     | Found Hifras's Weapon Emporium.
 28033 | D:11     | Offered knowledge of Irradiate by Vehumet.
 28035 | D:11     | Killed a brown ugly thing
 29222 | D:11     | Killed a hill giant
 29677 | D:11     | Noticed an unseen horror
 29679 | D:11     | Killed an unseen horror
 29685 | D:11     | Found a staircase to the Orcish Mines.
 29955 | D:11     | Offered knowledge of Poison Arrow by Vehumet.
 30706 | Temple   | Upgraded the game from 0.17-a0-1850-g688e747 to 0.17-a0-1880-gacf7e67
 30849 | Orc:1    | Entered Level 1 of the Orcish Mines
 31367 | Orc:1    | Reached skill level 18 in Spellcasting
 31547 | Orc:2    | Noticed Maurice
 31550 | Orc:2    | Killed Maurice
 31553 | Orc:2    | Noticed an orc warlord
 32005 | Orc:2    | Killed an orc warlord
 32320 | Orc:1    | Reached skill level 10 in Fire Magic
 33043 | Orc:3    | Offered knowledge of Bolt of Fire by Vehumet.
 33064 | Orc:2    | Learned a level 6 spell: Bolt of Fire
 33577 | Orc:3    | Found Qeontopp's Food Boutique.
 33610 | Orc:3    | Found a staircase to the Elven Halls.
 33828 | Orc:4    | Entered Level 4 of the Orcish Mines
 35467 | Orc:4    | Reached XP level 15. HP: 90/90 MP: 21/39
 35654 | Orc:4    | Offered knowledge of Ozocubu's Refrigeration by Vehumet.
 35831 | Orc:4    | Found Ropsoim's Weapon Shop.
 35831 | Orc:4    | Found Woqee's Book Boutique.
 35832 | Orc:4    | Found Xynwuin's Armour Boutique.
 35836 | Orc:4    | Found Erphu's Magic Scroll Shop.
 35840 | Orc:4    | Bought a +2 robe of the Archmagi for 490 gold pieces
 35840 | Orc:4    | Bought a +2 pair of boots of running for 539 gold pieces
 35861 | Orc:4    | Bought a scroll of identify for 30 gold pieces
 35861 | Orc:4    | Bought a scroll of identify for 30 gold pieces
 35861 | Orc:4    | Bought a scroll of identify for 30 gold pieces
 35861 | Orc:4    | Bought a scroll of amnesia for 52 gold pieces
 35861 | Orc:4    | Bought a scroll of enchant weapon for 112 gold pieces
 35861 | Orc:4    | Bought a scroll of identify for 30 gold pieces
 35861 | Orc:4    | Bought a scroll of enchant weapon for 112 gold pieces
 36442 | Swamp:1  | Entered Level 1 of the Swamp
 36617 | Swamp:1  | Noticed a thorn hunter
 36640 | Swamp:1  | Killed a thorn hunter
 36862 | Swamp:1  | HP: 4/90 [vampire mosquito (4)]
 37259 | Swamp:1  | Reached skill level 10 in Translocations
 38404 | Swamp:2  | Reached skill level 19 in Spellcasting
 38532 | Swamp:2  | Noticed Donald
 38538 | Swamp:2  | Killed Donald
 39335 | Swamp:3  | Noticed a thorn hunter
 39337 | Swamp:3  | Killed a thorn hunter
 39791 | Swamp:3  | Reached skill level 1 in Shields
 39808 | Swamp:3  | Offered knowledge of Lehudib's Crystal Spear by Vehumet.
 39808 | Swamp:3  | Offered knowledge of Fire Storm by Vehumet.
 39808 | Swamp:3  | Offered knowledge of Shatter by Vehumet.
 40507 | Elf:1    | Entered Level 1 of the Elven Halls
 42081 | Elf:1    | Reached skill level 5 in Shields
 42292 | Elf:1    | Identified Sif Muna's Volume of Dark Rites
 42475 | Elf:1    | Reached XP level 16. HP: 96/96 MP: 27/41
 43114 | Elf:2    | Found Kaup's Antique Weapon Shoppe.
 43243 | Elf:2    | Found a runed door.
 43293 | Elf:2    | Found a runed door.
 43520 | Elf:2    | Reached skill level 20 in Spellcasting
 44039 | Elf:2    | Reached skill level 10 in Fighting
 45994 | Elf:1    | HP: 1/97 [antimagic battleaxe (15)]
 47194 | Elf:2    | Noticed a deep elf blademaster
 48149 | Lair:4   | Noticed a five-headed hydra
 48152 | Lair:4   | Killed a five-headed hydra
 49340 | Swamp:4  | Entered Level 4 of the Swamp
 50344 | Swamp:4  | Noticed the 27-headed Lernaean hydra
 50395 | Swamp:4  | Killed the 27-headed Lernaean hydra
 50395 | Swamp:4  | Reached skill level 21 in Spellcasting
 51021 | Swamp:4  | Reached XP level 17. HP: 103/103 MP: 27/44
 51335 | Swamp:4  | Got a decaying rune of Zot
 53134 | Spider:1 | Entered Level 1 of the Spider Nest
 53718 | Lair:4   | HP: 3/104 [wolf spider (10)]
 53721 | Lair:4   | Mangled by a wolf spider

Vault maps used:
D:1:      lemuel_arrival_lava_pool, nemelex_deck
D:2:      grunt_decor_arrowhead, lemuel_old_faithful
D:3:      first_bread, kennysheep_generic_room_7
D:5:      basic_altar, saegor_snake_ambush, uniq_duvessa
D:6:      fedhas_altar_1, minmay_temple_entry_statues_pillars, basic_altar,
          kennysheep_windowed_goal
D:8:      basic_altar, grunt_livestock
D:9:      evilmike_ruin_ashenzari, grunt_temple_overflow_open, lair_0_dummy,
          serial_shops, shop, nicolae_gozag_cash_rules_everything_around_me
D:10:     serial_shops, nicolae_shop_behind_doors, uniq_psyche
D:11:     hiddenorc2_lemuel
Temple:   jpeg_temple_clearing_12
Lair:2:   beast_lair_carwin_10
Lair:3:   infiniplex_staircase_pool
Lair:4:   lemuel_ratsnest, nicolae_spider_entry_non_spiders, grunt_megastairs_2
Lair:6:   minmay_swamp_entry_worms, slime_altar_1, lemuel_fruit_fields
Lair:7:   serial_bayou_shore_a, lemuel_fruit_tree, uniq_snorg
Lair:8:   wormcave, hangedman_lair_tendril_chambers, basic_altar
Swamp:1:  serial_swamp_ruin, evilmike_swamp_ruin_rubble_2,
          evilmike_swamp_ruin_house_1
Swamp:2:  nicolae_swamp_dense_foliage, uniq_donald
Swamp:3:  nicolae_swamp_treefoil, swamp_pool1
Swamp:4:  swamp_old_school, nicolae_swamp_fairy_circle
Spider:1: hangedman_creepy_crawlies
Orc:2:    uniq_maurice
Orc:3:    serial_shops, nicolae_shop_stone, nicolae_orc_pool_cavern
Orc:4:    st_orc_mages
Elf:1:    minmay_elf_necromancy, corexii_checkpoint_a
Elf:2:    serial_shops, nicolae_shop_waterfront, spider_trap, minivault_16

Action                   |  1- 3 |  4- 6 |  7- 9 | 10-12 | 13-15 | 16-18 || total
-------------------------+-------+-------+-------+-------+-------+-------++-------
Melee: Quarterstaff      |       |       |       |     1 |       |       ||     1
       Dagger            |       |       |       |    22 |       |    37 ||    59
       Scimitar          |       |       |       |     2 |     1 |       ||     3
       Rapier            |       |       |       |       |    17 |       ||    17
 Cast: Sandblast         |    39 |    91 |   104 |   180 |    10 |    35 ||   459
       Stone Arrow       |       |    10 |   106 |   313 |   617 |    40 ||  1086
       Lee's Rapid Decon |       |       |     3 |    15 |    47 |    32 ||    97
       Fireball          |       |       |       |    66 |   371 |   186 ||   623
       Conjure Flame     |       |       |       |     1 |       |       ||     1
       Bolt of Fire      |       |       |       |       |    34 |   133 ||   167
       Flame Tongue      |       |       |       |       |    14 |       ||    14
       Controlled Blink  |       |       |       |       |       |     1 ||     1
Evoke: Wand              |       |       |       |       |    15 |    10 ||    25
  Use: Potion            |       |       |     2 |     9 |     3 |     5 ||    19
       Scroll            |       |       |       |    27 |    23 |     8 ||    58
  Eat: Chunk             |     1 |     6 |    16 |    26 |    49 |     9 ||   107
       Pizza             |       |     1 |     2 |     4 |       |     2 ||     9
       Meat ration       |       |       |       |     1 |     1 |     1 ||     3
       Fruit             |       |       |       |     1 |    14 |     4 ||    19
       Bread ration      |       |       |       |       |       |     3 ||     3
